 Dungeon Crawl Stone Soup version 0.26-a0-663-g36e8fdb655 (console) character file.

Game seed: 16569194956101273605

81 om the Ruffian (level 4, -1/35 HPs)
             Began as a Draconian Transmuter on Oct 12, 2020.
             Slain by an adder (2 damage)
             ... on level 2 of the Dungeon.
             The game lasted 00:03:07 (2026 turns).

om the Ruffian (Draconian Transmuter)               Turns: 2026, Time: 00:03:08

Health: -1/35      AC:  5    Str: 13    XL:     4   Next: 20%
Magic:  7/7        EV: 16    Int: 19    God:
Gold:   91         SH:  0    Dex: 12    Spells: 3/7 levels left

rFire    . . .     SeeInvis .     - Unarmed
rCold    . . .     Faith    .   (no shield)
rNeg     . . .     Spirit   .   (armour unavailable)
rPois    .         Reflect  .   (helmet restricted)
rElec    .         Harm     .   (no cloak)
rCorr    .         Rampage  .   (no gloves)
MR       .....                  (no boots)
Stlth    +.........             (no amulet)
HPRegen  0.11/turn              b - +6 ring of intelligence
MPRegen  0.10/turn              h - +4 ring of evasion

@: lethally poisoned (-1 -> -4)
A: unfitting armour, cold-blooded, AC +5
a: no special abilities


You were on level 2 of the Dungeon.
You visited 1 branch of the dungeon, and saw 2 of its levels.

You collected 91 gold pieces.

Inventory:

Jewellery
 b - a +6 ring of intelligence (left hand)
 f - an uncursed ring of fire
 h - a +4 ring of evasion (right hand)
Scrolls
 a - a scroll of fear
 d - 3 scrolls of teleportation
 e - a scroll of enchant weapon
 g - a scroll of enchant armour {unknown}
 j - 3 scrolls of remove curse {unknown}
 k - a scroll of immolation {unknown}
Potions
 c - a potion of magic
 i - a potion of invisibility


   Skills:
 - Level 1.1 Fighting
 + Level 2.5 Dodging
 + Level 3.6 Unarmed Combat
 - Level 2.0 Spellcasting
 * Level 3.4 Transmutations


You had 3 spell levels left.
You knew the following spells:

 Your Spells              Type           Power        Failure   Level
a - Beastly Appendage     Tmut           ###...       4%          1
b - Spider Form           Tmut/Pois      #.........   26%         3

Your spell library contained the following spells:

 Spells                   Type           Power        Failure   Level
 Wereblood                Tmut           ###.....     6%          2
 Ice Form                 Ice/Tmut       #.......     63%         4
 Blade Hands              Tmut           ###.......   75%         5


Dungeon Overview and Level Annotations

Branches:
Dungeon (2/15)

Altars:


Innate Abilities, Weirdness & Mutations

Your plain brown scales are hard. (AC +5)
You cannot fit into any form of body armour.
You are cold-blooded and may be slowed by cold attacks.


Message History

* * * LOW HITPOINT WARNING * * *
* * * LOW HITPOINT WARNING * * *
You feel sick. The adder bites you.
* * * LOW HITPOINT WARNING * * *
Okay, then.
You aren't carrying any weapons that can be enchanted.
Unknown command.
Your magical contamination has completely faded away.
* * * LOW HITPOINT WARNING * * *
You feel sick. The adder misses you.
* * * LOW HITPOINT WARNING * * *
You feel sick.
* * * LOW HITPOINT WARNING * * *
You feel sick. The adder completely misses you.
* * * LOW HITPOINT WARNING * * *
You feel sick. The adder bites you.
You die...

#.....(# #.#...S#
#.#....# ..#S####
###g# ####### #.#
#.....# ######.#
#.....# #...##.#
#.....#####.#.##.#
#.†...#.Sl..#.l..#
#.....#@##########
#....)#.#
#....<..#
#########


You could see an adder and a frilled lizard.

Vanquished Creatures
  A gnoll (D:2)
  2 adders
  2 dart slugs (D:1)
  3 leopard geckos
  A ball python (D:1)
  3 giant cockroaches
  8 hobgoblins
  2 jackals (D:1)
  3 bats
  6 frilled lizards (D:1)
  6 goblins
  6 kobolds
  5 rats
48 creatures vanquished.

Notes
Turn   | Place    | Note
-------+----------+-------------------------------------------
     0 | D:1      | om the Draconian Transmuter began the quest for the Orb.
     0 | D:1      | Reached XP level 1. HP: 16/16 MP: 3/3
   543 | D:1      | Reached XP level 2. HP: 23/23 MP: 3/5
  1006 | D:1      | Reached XP level 3. HP: 28/28 MP: 4/6
  1853 | D:2      | Reached XP level 4. HP: 30/35 MP: 5/7
  1874 | D:1      | Learned a level 3 spell: Spider Form
  2022 | D:2      | HP: 1/35 [poisoned by an adder]
  2026 | D:2      | Slain by an adder

Illustrated notes

Levels and vault maps discovered:
D:1:      dpeg_arrival_court, layout_basic
D:2:      layout_basic

Skill      XL: |  1  2  3 |
---------------+----------+-----
Dodging        | 2 |  2.5
Transmutations | 3 |  3.4
Fighting       | |  1.1
Unarmed Combat | |  3.6
Spellcasting   | |  2.0

Action                   |  1- 3 |  4- 6 || total
-------------------------+-------+-------++-------
Melee: Unarmed           |   159 |    17 ||   176
       Kick              |    25 |     2 ||    27
       Tailslap          |     7 |       ||     7
       Headbutt          |    15 |     2 ||    17
       Punch             |     1 |       ||     1
 Cast: Beastly Appendage |    24 |     3 ||    27
  Use: Scroll            |     5 |       ||     5
Armor: Skin              |    43 |     8 ||    51
Dodge: Dodged            |   157 |    22 ||   179

Table legend: (Time is in decaauts)
 A = Elapsed time spent in this place.
 B = Non-inter-level travel time spent in this place.
 C = Inter-level travel time spent in this place.
 D = Time resting spent in this place.
 E = Time spent auto-exploring this place.
 F = Levels seen in this place.
 G = Mean time per level.
                   A        B        C        D        E       F      G
               +--------+--------+--------+--------+--------+-----+--------+
         Total |   2016 |   1901 |    115 |    454 |   1042 |   2 | 1008.0 |
       Dungeon |   2016 |   1901 |    115 |    454 |   1042 |   2 | 1008.0 |
               +--------+--------+--------+--------+--------+-----+--------+

Top non-repeatable levels by time:
     D:1: 1747 daAuts
     D:2: 268 daAuts
